 Dungeon Crawl Stone Soup version 0.30.1-3-gfc49f6343a (webtiles) character file.

Game seed: 3961184352718292246

25 Peloso the Covered (level 2, -2/27 HPs)
             Began as a Minotaur Fighter on July 28, 2023.
             Slain by a cerulean imp
             ... wielding a +1 spear
             ... summoned by Natasha
              (5 damage)
             ... on level 2 of the Dungeon.
             The game lasted 00:01:05 (1142 turns).

Peloso the Covered (Minotaur Fighter)               Turns: 1142, Time: 00:01:06

Health: -2/27      AC:  7    Str: 17 (20) XL:     2   Next: 86%
Magic:  1/1        EV:  9    Int:  2 (5)  God:
Gold:   27         SH:  4    Dex:  7 (9)  Spells: 1/1 levels left

rFire   . . .        a - +0 long sword
rCold   . . .        c - +0 buckler
rNeg    . . .        b - +0 scale mail
rPois   .            (helmet restricted)
rElec   .            (no cloak)
rCorr   .            (no gloves)
SInv    .            (no boots)
Will    .....        (no amulet) Stlth
                     (no ring)
HPRegen 0.24/turn    (no ring)
MPRegen 0.07/turn

%: no passive effects
@: slowed, very slow
A: horns 2, retaliatory headbutt
a: no special abilities


You were on level 2 of the Dungeon.
You visited 1 branch of the dungeon, and saw 2 of its levels.

You collected 27 gold pieces.

Inventory:

Hand Weapons
 a - a +0 long sword (weapon)
Armour
 b - a +0 scale mail (worn)
 c - a +0 buckler (worn)
Jewellery
 f - a ring of wizardry
Scrolls
 h - a scroll of identify {unknown}
 i - 2 scrolls of enchant armour {unknown}
 j - a scroll of enchant weapon {unknown}
 k - a scroll of immolation {unknown}
 l - a scroll of teleportation {unknown}
Potions
 d - a potion of might


   Skills:
 + Level 4.0 Fighting
 + Level 2.8 Long Blades
 + Level 4.0 Armour
 + Level 0.2 Dodging
 + Level 4.0 Shields


You had one spell level left.
You didn't know any spells.
Your spell library contained the following spells:

 Spells                   Type           Power      Damage    Failure   Level
 Passage of Golubria      Tloc           0%         N/A       100%        4
 Silence                  Hex/Air        0%         N/A       100%        5
 Lehudib's Crystal Spear  Conj/Erth      0%         10d2      100%        8


Dungeon Overview and Level Annotations

Branches:
Dungeon (2/15)

Altars:

Annotations:
D:2 Natasha


Innate Abilities, Weirdness & Mutations

You have a pair of horns on your head.
You reflexively headbutt those who attack you in melee.


Message History

Found a stone staircase leading down.
Natasha, Servant of Life and Death comes into view.
She is carrying a wand of flame (3).
Natasha hisses angrily.
Natasha is nearby!
Natasha is nearby!
A hobgoblin comes into view.
The hobgoblin shouts!
Natasha attacks as you move away! Natasha claws you.
Natasha stares at you and mumbles some strange words.
You feel yourself slow down. Natasha casts a spell at you.
You feel as though you will be slow longer.
Unknown command.
Natasha growls.
Natasha stares at you and mumbles some strange words.
The magic dart hits you!
Natasha casts a spell.
You closely miss Natasha. Your headbutt misses Natasha.
Natasha stares at you and mumbles some strange words.
The magic dart hits you. You block the cerulean imp's attack.
Natasha claws you.
You hit Natasha. Your headbutt misses Natasha.
Natasha is moderately wounded.
The cerulean imp hits you but does no damage.
Natasha barely misses you. The cerulean imp barely misses you.
Natasha claws you.
You miss Natasha.
Natasha is moderately wounded.
The cerulean imp barely misses you. Natasha claws you.
* * * LOW HITPOINT WARNING * * *
The cerulean imp hits you from afar with a +1 spear.
* * * LOW HITPOINT WARNING * * *
Natasha claws you but does no damage.
You completely miss Natasha. Your headbutt misses Natasha.
Natasha is lightly wounded.
The cerulean imp hits you from afar with a +1 spear.
* * * LOW HITPOINT WARNING * * *
Natasha claws you but does no damage.
The cerulean imp hits you from afar with a +1 spear.
You die...

.##############+####
..........@hg.......
.######.####5......#
#####.# #........
.##.....# +.......#
.......<# #.g......
###.##### #........
.. #........ ##
+........ #........


You could see Natasha, a cerulean imp (summoned) and a hobgoblin.

Vanquished Creatures
  6 ball pythons (D:1)
  2 endoplasms (D:1)
  A giant cockroach (D:1)
  2 goblins (D:1)
  A hobgoblin (D:1)
  4 kobolds (D:1)
  3 bats (D:1)
  4 rats (D:1)
23 creatures vanquished.

Notes
Turn   | Place    | Note
-------+----------+-------------------------------------------
     0 | D:1      | Peloso the Minotaur Fighter began the quest for the Orb.
     0 | D:1      | Reached XP level 1. HP: 19/19 MP: 0/0
   131 | D:1      | Reached XP level 2. HP: 27/27 MP: 1/1
  1131 | D:2      | Noticed Natasha
  1142 | D:2      | Slain by a cerulean imp

Illustrated notes

Levels and vault maps discovered:
D:1:      wheals_arrival_linesprint, layout_basic
D:2:      layout_basic, ebering_ecumenical_altar_rust, hex_medium,
          kennysheep_another_room, uniq_natasha

Skill      XL: |  1  2 |
---------------+-------+-----
Armour         | 4 |  4.0
Fighting       | 4 |  4.0
Shields        | 4 |  4.0
Long Blades    | |  2.8
Dodging        | |  0.2

Action                     || total
---------------------------++-------
  Melee: Long sword        ||    47
         Headbutt          ||     6
    Use: Potion            ||     2
 Armour: Scale mail        ||    25
  Dodge: Dodged            ||    35
  Block: Buckler           ||    20
